 Seeded DCSS version 0.31-a0-358-gac0dbeb3ab (webtiles) character file.

Game seed: 13532415758814214178 (custom seed)

142 innerfire43 the Changeling (level 5, -2/49 HPs)
             Began as an Octopode Shapeshifter on July 25, 2023.
             Slain by Duvessa
             ... wielding a +0 short sword
              (14 damage)
             ... on level 4 of the Dungeon.
             The game lasted 00:03:19 (2247 turns).

innerfire43 the Changeling (Octopode Shapeshifter)  Turns: 2247, Time: 00:03:20

Health: -2/49      AC: 29    Str: 17    XL:     5   Next: 25%
Magic:  5/5        EV:  2    Int: 10    God:
Gold:   182        SH:  0    Dex: 12    Spells: 4/4 levels left

rFire   + . .        m - +5 trident "Spiderbane" {protect, rF+}
rCold   . . .        (no shield)
rNeg    . . .        (helmet currently unavailable)
rPois   +            (no amulet)
rElec   .            q - ring of wizardry
rCorr   .            (no ring)
SInv    .            (no ring)
Will    .....        (no ring)
Stlth   +            (no ring)
HPRegen 0.28/turn    (no ring)
MPRegen 0.09/turn    (no ring)
                     (no ring)

%: wizardry (x1)
@: tree-form, under a protective aura
A: stationary, stasis, torment immunity, boosted hp, almost no armour,
(amphibious), 8 rings, (camouflage 1), (gelatinous body 1), (nimble swimmer 1),
(tentacles)
a: no special abilities


You were on level 4 of the Dungeon.
You were a tree.
You visited 1 branch of the dungeon, and saw 4 of its levels.

You collected 369 gold pieces.
You spent 187 gold pieces at shops.

Inventory:

Hand Weapons
 e - a +1 short sword of draining
 m - the +5 trident "Spiderbane" (weapon) {protect, rF+}
   (You bought it in a shop on level 3 of the Dungeon)

   rF:        It protects you from fire.
Jewellery
 q - a ring of wizardry (left branch)
Talismans
 b - a beast talisman
 d - a blade talisman
Scrolls
 f - a scroll of identify {unknown}
 k - a scroll of poison {unknown}
 o - a scroll of fog {unknown}
 r - a scroll of enchant armour {unknown}
Potions
 c - a potion of heal wounds {unknown}
 g - a potion of resistance {unknown}
 h - a potion of curing {unknown}
 i - a potion of enlightenment {unknown}
 j - a potion of might {unknown}
 l - a potion of mutation {unknown}
 n - a potion of invisibility {unknown}
 p - a potion of brilliance {unknown}


   Skills:
 - Level 1.0 Fighting
 * Level 2.9 Polearms
 - Level 2.0 Dodging
 - Level 3.1 Unarmed Combat
 * Level 4.2 Shapeshifting


You had 4 spell levels left.
You didn't know any spells.
Your spell library contained the following spells:

 Spells                   Type           Power      Damage    Failure   Level
 Scorch                   Fire           0%         2d5       22%         2
 Flame Wave               Conj/Fire      0%         2d4       80%         4
 Summon Cactus Giant      Summ           0%         N/A       100%        6


Dungeon Overview and Level Annotations

Branches:
Dungeon (4/15)
 Temple: D:4-7

Altars:

Shops:
D:3 (

Annotations:
D:3 2 transporters
D:4 Duvessa


Innate Abilities, Weirdness & Mutations

You are a tree.
Your roots penetrate the ground, keeping you stationary.
You cannot be teleported.
You are immune to unholy pain and torment.
Your maximum health is greatly increased.
You cannot wear most types of armour.
((You are amphibious.))
You can wear up to eight rings at the same time.
((Your skin changes colour to match your surroundings (Stealth+).))
((Your rubbery body absorbs attacks. (AC +1, EV +1)))
((You are camouflaged when in or above water. (Stealth+)))
((You have tentacles for arms and can constrict up to eight enemies at once.))


Message History

You have reached level 5!
You feel stronger.
You hit Duvessa. You grab Duvessa.
You tentacle-slap Duvessa, but do no damage.
You squeeze Duvessa.
Duvessa is lightly wounded.
You constrict Duvessa, but do no damage.
Duvessa closely misses you.
You hit Duvessa but do no damage. You squeeze Duvessa.
Duvessa is lightly wounded.
You constrict Duvessa. Duvessa barely misses you. Duvessa closely misses you.
You completely miss Duvessa. You squeeze Duvessa.
Duvessa is moderately wounded.
You constrict Duvessa. Duvessa misses you.
Duvessa hits you with a +0 short sword.
You puncture Duvessa! You squeeze Duvessa!
Duvessa is severely wounded.
You constrict Duvessa, but do no damage.
Duvessa hits you with a +0 short sword!
* * * LOW HITPOINT WARNING * * *
Duvessa barely misses you.
Unknown command.
Really quaff the potion of lignification? [Y]es or [N]o only, please.
Really quaff the potion of lignification?
Okay, then.
Really quaff the potion of lignification?
Your transformation has ended.
You turn into a tree.
Your roots penetrate the ground.
You lose your grip on Duvessa.
Duvessa hits you but does no damage.
You hit Duvessa.
Duvessa is severely wounded.
Duvessa hits you but does no damage. x2
You hit Duvessa but do no damage.
Duvessa is severely wounded.
Duvessa hits you but does no damage. x2
You barely miss Duvessa. Your punch misses Duvessa.
Duvessa is severely wounded.
Duvessa hits you with a +0 short sword!
You die...

#.# #.#
#######.#
##.......# ###
###........#
#.... #..
#......##.....
..###..........#
#.#......##.#.#
#.†......♣e...#
#........##.#.#
#.###.##.# # #<#
#.##.# #.#
#..#.# #.#
##.#.# #.# ....
#.# #. ...


You could see Duvessa (berserk).

Vanquished Creatures
  Dowan (D:4)
  An iguana (D:4)
  An adder (D:3)
  2 worms (D:3)
  2 dart slugs
  4 ball pythons
  4 endoplasms
  2 giant cockroaches (D:1)
  5 goblins
  3 hobgoblins
  7 kobolds
  2 quokkas (D:3)
  9 bats
  3 frilled lizards
  3 rats
49 creatures vanquished.

Notes
Turn   | Place    | Note
-------+----------+-------------------------------------------
     0 | D:1      | innerfire43 the Octopode Shapeshifter began the quest for
                  | the Orb.
     0 | D:1      | Reached XP level 1. HP: 13/13 MP: 1/1
   139 | D:1      | Reached XP level 2. HP: 18/18 MP: 2/2
   370 | D:1      | Reached skill level 1 in Polearms
   559 | D:2      | Reached XP level 3. HP: 14/23 MP: 3/3
   767 | D:2      | You fall into a shaft and drop 2 floors!
   860 | D:3      | Found a transporter.
   866 | D:3      | Found a transporter.
   913 | D:3      | Found Heteeque's Antique Weapon Boutique.
   975 | D:3      | Bought a pitted trident for 187 gold pieces
   975 | D:3      | Identified the +5 trident "Spiderbane" {protect, rF+} (You
                  | bought it in a shop on level 3 of the Dungeon)
  1230 | D:3      | Reached XP level 4. HP: 28/28 MP: 4/4
  2217 | D:4      | Reached skill level 4 in Shapeshifting
  2232 | D:4      | Noticed Dowan
  2237 | D:4      | Noticed Duvessa
  2239 | D:4      | Killed Dowan
  2240 | D:4      | Reached XP level 5. HP: 20/33 MP: 5/5
  2247 | D:4      | Slain by Duvessa

Illustrated notes

Levels and vault maps discovered:
D:1:      scummos_arrival_simple_crosswalls, layout_rooms
D:2:      layout_basic
D:3:      gammafunk_steamed_eel, layout_loops_corners, serial_shops, shop,
          minmay_gold_behind_fungi, dk_noncrumbling_3
D:4:      layout_loops_ring, minmay_temple_entry_butterflies, uniq_duvessa

Skill      XL: |  1  2  3  4 |
---------------+-------------+-----
Polearms       | 1 2 |  2.9
Shapeshifting  | 4 |  4.2
Fighting       | |  1.0
Dodging        | |  2.0
Unarmed Combat | |  3.1

Action                     |  1- 3 |  4- 6 || total
---------------------------+-------+-------++-------
  Melee: Short sword       |    40 |       ||    40
         Constrict         |    10 |     6 ||    16
         Tentacles         |     8 |     8 ||    16
         Trident           |    11 |    25 ||    36
         Punch             |     1 |     3 ||     4
    Use: Potion            |       |     1 ||     1
   Stab: Sleeping          |     6 |     2 ||     8
 Armour: Skin              |     5 |     5 ||    10
  Dodge: Dodged            |    37 |     8 ||    45
         Form:             |     1 |       ||     1
         Beast             |     1 |       ||     1

Table legend: (Time is in decaauts)
 A = Elapsed time spent in this place.
 B = Non-inter-level travel time spent in this place.
 C = Inter-level travel time spent in this place.
 D = Time resting spent in this place.
 E = Time spent auto-exploring this place.
 F = Levels seen in this place.
 G = Mean time per level.
                   A        B        C        D        E       F      G
               +--------+--------+--------+--------+--------+-----+--------+
         Total |   2252 |   1980 |    272 |      0 |   1615 |   4 |  563.0 |
       Dungeon |   2252 |   1980 |    272 |      0 |   1615 |   4 |  563.0 |
               +--------+--------+--------+--------+--------+-----+--------+

Top non-repeatable levels by time:
     D:3: 1051 daAuts
     D:2: 691 daAuts
     D:1: 462 daAuts
     D:4: 47 daAuts
